Tolliver Groat, neutral female gnomish Tourist ---- --- --- ------ ---..| --- --.--|..--- ----....| |....-- --.-- ---- ---....|....| --.......-- ---.|...| ---...| -..-- |....|.----.--- |......)..| |...|.--- |..*.- ....| ---.---|...|-...| |......|.----)--|.| ---....| -...| --- ---|...| ---.|....--- --...-.|--|...| |.| --...|<.----...| |..--.--.--- --|........| --....|---.--- |.| --..--|...--....-- |........| --.--.....-.--- ----.--...| |.-- |....--..........| ---...%--- --.............| --- |....--- |).---.|..........--..| --....-- |...........--.--- ---..-- ---|....| |......|---h.....-----------.....| |....---....--...| ......| --..|....-- |..----- --..G...Y@d........|....-- ---..| |.......|.--.....- |.........---- ---- ---.--.G..----------.--....| ---- |.......|.*......| |............-- --........-| |......-- |................| --.-..........| -- |..........--- ---.-*.--- --...............-- --..........-- |...............- |......|--- -----...............| ---.|..|.|.--- |. ---.....>.....| |......--.---|..--..............-- --...|------- -- --.....-...-- |...........||[................-- |...-- ----......| ---.|.|.....|--.-------....---.| --.-- --.|.--- ------.---- --- --.--- -- --- ----- --- --- Tolliver Groat the Excursionist Experience level: 6 Strength: 15 Dexterity: 12 Constitution: 16 Intelligence: 12 Wisdom: 11 Charisma: 14 Health: 0(46) Energy: 30(30) Def: 4 Gold: 48 Moves: 4570 Dungeon seed: fEKWz2uhRDoi-NUr Game ID: Tolliver Groat_1529479436 Your Inventory: Coins $ - 48 gold pieces Amulets R - an uncursed amulet of reflection (being worn) Weapons a - 35 uncursed +2 darts (in quiver) y - a blessed +0 dagger N - an uncursed +2 aklys U - a blessed +3 scimitar named Sword of Bloodlust (weapon in hand) W - a blessed +10 orcish dagger named Dagger of Fable Armor r - an uncursed +0 dwarvish iron helm (being worn) z - an uncursed +1 pair of water walking boots (being worn) Comestibles b - an uncursed clove of garlic d - 2 uncursed food rations f - 4 uncursed tripe rations g - 2 uncursed eggs h - an uncursed carrot i - an uncursed melon Scrolls c - an uncursed scroll of teleportation A - an uncursed scroll of confuse monster T - a blessed scroll of blank paper Potions j - an uncursed potion of gain ability m - an uncursed potion of hallucination o - an uncursed potion of booze u - a cursed potion of booze Z - a blessed potion of hallucination Rings K - an uncursed ring of teleport control (on left hand) S - an uncursed ring of free action Wands l - an uncursed wand of secret door detection (0:14) t - an uncursed wand of slow monster (0:5) v - an uncursed wand of magic missile (0:6) w - an uncursed wand of speed monster (0:1) L - an uncursed wand of create monster (0:12) M - an uncursed wand of cancellation (0:2) O - an uncursed wand of polymorph (0:4) Tools e - an uncursed skeleton key k - an uncursed magic whistle n - an uncursed expensive camera (0:55) p - an uncursed magic whistle s - an uncursed bag of tricks (0:18) x - an uncursed towel G - an uncursed oil lamp (lit) (0:114) P - an uncursed stethoscope X - an uncursed magic whistle Spells and supernatural/magical abilities: Name Level Category Fail Memory n - detect monsters 1 divination 46% 87% W - pray for help -- divine ? -- Your skills at the end: Miscellaneous Skills wands [Basic] stealth [Skilled] Weapon Skills club [Basic] dart [Basic] Spellcasting Skills Final Attributes: You were devoutly aligned. You were poison resistant. Your writing hand was ok. You had infravision. You were very stealthy. You had teleport control. You could walk on water. You had reflection. You are dead. Vanquished creatures: a small mimic a giant beetle an orc mummy a blue jelly a rope golem a bugbear 2 imps a Mordor orc a fog cloud a gnome lord a kobold mummy a golden naga hatchling a guardian naga hatchling 2 puppies 2 floating eyes 2 kittens a dwarf a homunculus 2 iguanas 3 hill orcs 2 rothes a jitterbug a giant bat a dwarf zombie a werejackal 3 coyotes 2 gas spores 7 hobbits a large kobold a gecko 2 hobgoblins 8 giant rats 2 brown molds 2 green molds 3 red molds 2 gnomes 7 jackals a fox a kobold 5 newts 2 goblins 2 sewer rats 2 grid bugs 2 bats 5 lichens 2 kobold zombies 95 creatures vanquished. Voluntary challenges: You did not cause conflict. You were not invisible. You were not displaced. You used a wielded weapon 119 times, starting on turn 147. You did not apply a unicorn horn. You did not use plumbed fixtures. You did not drink any magical draughts. You read items or engraved 3 times, starting on turn 1937. You never genocided any monsters. You never polymorphed an object. You never changed form. You used no wishes. You never split a pudding. You never wrote Elbereth's name. You violated your moral code, losing 2 points of alignment, starting on turn 832. Dungeon overview: The Dungeons of Doom: levels 1 to 2 Level 1 a long staircase Level 2 stairs to The Gnomish Mines The Gnomish Mines: levels 3 to 9 Level 3 stairs to The Dungeons of Doom Level 4 Level 5 Level 6 many shops, a temple to Blind Io, a magic chest, some fountains Level 7 Level 8 Level 9 <- You were here History has recorded: On T:1 you entered the Dungeons of Doom to retrieve the Amulet of Yendor! On T:234 you reached level 2 of The Dungeons of Doom. On T:477 you advanced to experience level 2. On T:542 you reached level 1 of The Gnomish Mines. On T:591 you advanced to experience level 3. On T:780 you reached level 2 of The Gnomish Mines. On T:832 you advanced to experience level 4. On T:1162 you reached level 3 of The Gnomish Mines. On T:1389 you advanced to experience level 5. On T:1416 you reached level 4 of The Gnomish Mines. On T:1623 you entered the Minetown temple On T:1626 you opened a magic chest. On T:3049 you reached level 5 of The Gnomish Mines. On T:3463 you reached level 6 of The Gnomish Mines. On T:3467 you advanced to experience level 6. Score breakdown: Gold: 0 ( 0 points) Experience: 6 levels ( 500 points) Exploration: 9 levels ( 240 points) Discoveries: 28 items ( 1400 points) Variety of kills: 46 monsters ( 2000 points) Major goal: reached Minetown ( 500 points) Survival: died (score multiplied by 3) Total score: 13920 Latest messages: The yeti seems to be moving slower. You hack the yeti! The yeti claws you! (2x) The yeti just misses! You hack the yeti. The yeti claws you! (2x) The yeti misses. You are beginning to feel hungry. The yeti is blinded by the flash! The yeti claws you! (2x) The yeti misses. You hack the yeti! The yeti claws you! (2x) The yeti bites! The yeti claws you! (2x) The yeti bites! You die... Final status: Aloha Tolliver Groat the Tourist, killed by a yeti... You died in The Gnomish Mines on dungeon level 9 with 13920 points, and 48 pieces of gold, after 4570 moves. You were level 6 with a maximum of 46 hit points when you died.